Map: Chantier naval orbital

Players

Slide

  • Race: Terran Terran
  • League: Grandmaster

llllllllllll - Winner!

  • Race: Zerg Zerg
  • League: Master

VOD

Have the link to the VOD?

Description

Time

  • Played on: Jan. 17, 2016, 9:50 p.m.
  • Length: 5:15
Show
View Real Time Build Order
Export as new Build Order

Slide Terran 

Build Orders: Command Center First (CC) 

Get SALT Encoding   

  12  0:01  SCV  
  13  0:13  SCV  
  14  0:17  Supply Depot  
  14  0:25  SCV  
  15  0:39  SCV  
  16  0:56  Command Center  
  16  1:00  SCV  
  17  1:10  Barracks  
  17  1:14  SCV  
  18  1:20  Refinery  
  18  1:26  SCV  
  18  1:29  Refinery  
  19  1:38  SCV  
  20  1:50  SCV  
  21  1:59  Marine  
  22  2:02  Orbital Command  
  22  2:08  Orbital Command  
  22  2:15  Factory  
  22  2:28  SCV, Barracks Reactor  
  23  2:34  SCV  
  24  2:40  SCV  
  24  2:46  SCV  
  25  2:51  Supply Depot  
  25  2:53  SCV  
  26  2:58  SCV  
  27  3:09  Hellion x2  
  27  3:12  Barracks  
  31  3:13  Barracks  
  31  3:14  SCV  
  31  3:15  Barracks Tech Lab  
  31  3:17  SCV  
  33  3:26  SCV  
  34  3:29  SCV  
  34  3:32  Hellion x2  
  39  3:38  SCV  
  39  3:40  Marine  
  41  3:41  SCV  
  42  3:50  SCV  
  42  3:53  SCV  
  42  3:54  Widow Mine  
  46  3:58  Supply Depot  
  46  4:01  Barracks Reactor, Barracks Tech Lab  
  46  4:10  Starport  
  46  4:12  Supply Depot  
  46  4:19  SCV x2, Widow Mine  
  52  4:24  Marauder  
  52  4:25  Marauder  
  54  4:33  Widow Mine  
  54  4:34  SCV x2, Supply Depot  
  55  4:49  Marine x2  
  55  4:51  Marauder  
Show
View Real Time Build Order
Export as new Build Order

llllllllllll Zerg - Winner!

Build Orders: Hatch First, Ravager All-In 

Get SALT Encoding   

  12  0:01  Drone  
  13  0:08  Drone  
  14  0:17  Overlord  
  14  0:25  Drone, Extractor  
  15  0:36  Drone x2  
  17  0:52  Hatchery  
  17  0:55  Drone  
  17  0:59  Drone  
  17  1:01  Extractor  
  17  1:07  Drone  
  18  1:18  Spawning Pool  
  17  1:20  Drone  
  18  1:26  Drone  
  19  1:38  Overlord  
  19  1:51  Drone  
  20  2:04  Queen x2  
  20  2:05  Metabolic Boost  
  20  2:07  Zergling x4  
  26  2:11  Drone  
  27  2:16  Drone  
  27  2:21  Drone  
  29  2:26  Drone  
  30  2:34  Drone  
  31  2:41  Roach Warren, Extractor  
  29  2:45  Drone x2  
  29  2:49  Overlord  
  31  2:53  Overlord  
  31  2:58  Overlord  
  31  3:20  Roach  
  31  3:21  Roach x5  
  31  3:22  Roach  
  31  3:26  Roach  
  47  3:32  Overlord  
  47  3:36  Zergling x4  
  49  3:46  Zergling x6  
  52  3:51  Zergling x4  
  54  3:57  Zergling x4  
  54  3:58  Zergling x2  
  56  4:05  Ravager  
  56  4:06  Ravager x2  
  56  4:08  Ravager  
  60  4:10  Zergling x2  
  60  4:11  Zergling x2  
  60  4:16  Overlord  
  62  4:22  Ravager  
Tags
 
Add a new tag
Caveats
  • Supply blocks, unpowered buildings, or Contaminate may cause inaccurate times.
  • Supply counts are checked every 10 seconds.